 Dungeon Crawl Stone Soup version 0.26.1-2-gb8aa6d0cf2 (webtiles) character file.

Game seed: 9360700030316100318

1733 Phaedo the Nimble (level 8, 28/31 HPs)
             Began as a Felid Air Elementalist on Mar 23, 2021.
             Was a Priest of Nemelex Xobeh.
             Quit the game on level 10 of the Dungeon.
             The game lasted 00:41:49 (13073 turns).

Phaedo the Nimble (Felid Air Elementalist)         Turns: 13073, Time: 00:41:50

Health: 28/31      AC:  2    Str:  4    XL:     8   Next: 76%
Magic:  15/15      EV: 28    Int: 20    God:    Nemelex Xobeh [***...]
Gold:   668        SH:  0    Dex: 17    Spells: 10/15 levels left
                                        Lives:  0   Deaths: 2

rFire    . . .     SeeInvis +   (weapon unavailable)
rCold    . . .     Faith    .   (shield unavailable)
rNeg     . . .     Spirit   .   (armour unavailable)
rPois    .         Reflect  .   (helmet unavailable)
rElec    .         Harm     .   (cloak unavailable)
rCorr    .         Rampage  .   (gloves unavailable)
Will     +....                  (boots unavailable)
Stlth    ++++++....             r - amulet of magic regeneration
HPRegen  0.10/turn              (no ring)
MPRegen  0.39/turn              p - ring of stealth

@: quick
A: very small, no armour, no weapons or thrown items, stealth, claws 1, fangs 3,
see invisible, speed 1, shaggy fur 2, sharp paws
a: Renounce Religion, Draw Escape, Draw Destruction, Draw Summoning, Triple Draw


You were on level 10 of the Dungeon.
You worshipped Nemelex Xobeh.
Nemelex Xobeh was most pleased with you.
You visited 1 branch of the dungeon, and saw 10 of its levels.
You also visited: Sewer.

You collected 668 gold pieces.

Inventory:

Jewellery
 p - a ring of stealth (right paw)
 r - an amulet of magic regeneration (around neck)
 t - the ring "Exexar" {Wiz rF+ Dex+3, unknown}
   (You found it on level 9 of the Dungeon)

   [ring of wizardry]

   It improves your spell success rate.
   It affects your dexterity (+3).
   It protects you from fire.
Wands
 i - a wand of flame (20)
 w - a wand of acid (8)
Scrolls
 b - 5 scrolls of teleportation
 d - 2 scrolls of remove curse
 f - 2 scrolls of noise {unknown}
 h - a scroll of blinking
 l - a scroll of magic mapping
 m - 2 scrolls of enchant weapon
 n - 3 scrolls of immolation {unknown}
 s - a scroll of enchant armour {unknown}
 v - a scroll of summoning {unknown}
 x - a scroll of amnesia {unknown}
Potions
 a - 2 potions of flight
 c - 2 potions of lignification
 e - a potion of heal wounds
 g - 4 potions of curing
 j - a potion of invisibility {unknown}
 k - a potion of resistance
 o - a potion of berserk rage
 q - a potion of might {unknown}
 u - 2 potions of brilliance {unknown}


   Skills:
 * Level 12.5 Dodging
 - Level 10.0 Stealth
 - Level 4.0 Spellcasting
 - Level 2.0 Conjurations
 + Level 9.1 Air Magic
 * Level 3.3 Invocations


You had 10 spell levels left.
You knew the following spells:

 Your Spells              Type           Power        Failure   Level
a - Shock                 Conj/Air       100%         1%          1
b - Airstrike             Air            20%          3%          4

Your spell library contained the following spells:

 Spells                   Type           Power        Failure   Level
 Swiftness                Air            40%          1%          2
 Static Discharge         Conj/Air       26%          4%          3
 Beastly Appendage        Tmut           8%           13%         1
 Wereblood                Tmut           4%           19%         2
 Spider Form              Tmut/Pois      2%           36%         3
 Lightning Bolt           Conj/Air       13%          36%         5
 Ice Form                 Ice/Tmut       4%           77%         4
 Blade Hands              Tmut           2%           98%         5


Dungeon Overview and Level Annotations

Branches:
Dungeon (10/15)            Temple (0/1) D:5            Lair (0/6) D:9
  Sewer (visited)
    Orc: D:9-12

Altars:
Cheibriados
Dithmenos
Fedhas
Gozag
Hepliaklqana
Nemelex Xobeh
Okawaru
Sif Muna
The Shining One

Shops:
D:4 [

Annotations:
D:5 4 runed translucent doors, Crazy Yiuf; Quickbrownfox's ghost, novice OpTm
D:10 Gastronok


Innate Abilities, Weirdness & Mutations

You cannot wear armour.
You are incapable of wielding weapons or throwing items.
Your paws allow you to move quietly. (Stealth)
You have sharp claws.
You have razor-sharp teeth.
You have supernaturally acute eyesight. (SInv)
You cover ground quickly.
You are covered in thick fur. (AC +2)
Your sharp claws are effective at attacking unaware monsters.


Message History

You swap places.
Phaedo's illusion completely misses the white imp.
The white imp gestures at you.
The puff of frost hits Phaedo's illusion!
Phaedo's illusion dies!
The wyvern bites you!
You die...
You are now level 8!
You rejoin the land of the living...
You swap places.
There are monsters nearby!
The white imp puffs mist at you.
You closely miss the wyvern. The wyvern bites you.
The wyvern zombie bites your wyvern.
Gastronok mumbles some strange words.
The wyvern closely misses you. The wyvern zombie bites your wyvern!
Unknown command.
Unknown command.
Unknown command.
Are you sure you want to abandon this character and quit the game? (Confirm with "yes".)

#.#.#.. # .........
#.#.#.##.# .........
#.#.#... .......<.
#).†#.## .........
##††wr.# ......... #†)...#
######### #.††5b# #
##l#l## #.# ..#####.#@#
#.#.# #......Z#l# #.#.#
........#Z# #.#.#
#.......l.# #.#.#
..######..## #.#.#
.........>.####.#.########
..######........#.........
#...............###
#..................


You could see Gastronok, a wyvern (summoned), an iguana, a white imp, a wyvern
zombie, a bat (summoned), a rat (summoned) and a friendly wyvern (summoned).

Vanquished Creatures
  An unseen horror (D:10)
  A gargoyle (D:10)
  3 yaks (D:9)
  A wraith (D:9)
  A steam dragon (D:10)
  An acid dragon (D:9)
  3 orc warriors
  2 sky beasts
  An ice beast (D:9)
  A black bear (D:8)
  2 phantoms
  4 centaurs
  4 ogres
  A big kobold (Sewer)
  5 bullfrogs
  A gnoll sergeant (D:7)
  A water moccasin skeleton (D:6)
  A scorpion (D:4)
  10 killer bees
  3 wights (D:8)
  A howler monkey (D:5)
  A bullfrog zombie (D:7)
  A centaur zombie (D:7)
  A jelly (D:9)
  A gnoll shaman (D:9)
  7 orc priests
  5 hounds
  3 centaur skeletons (D:7)
  Jessica (D:2)
  An iguana (D:8)
  7 orc wizards
  5 worker ants
  3 hound skeletons
  13 gnolls
  A howler monkey skeleton (D:5)
  13 adders
  3 shadow imps
  2 white imps
  An ufetubus (D:7)
  2 oozes (D:3)
  2 adder skeletons
  A worm (D:4)
  6 dart slugs
  7 leopard geckos
  39 orcs
  11 bats
  5 giant cockroaches
  8 goblins
  6 hobgoblins
  3 jackals
  7 quokkas
  2 ball pythons
  2 frilled lizards
  2 jackal skeletons
  A jackal zombie (D:5)
  10 kobolds
  A quokka skeleton (D:8)
  7 rats
239 creatures vanquished.

Vanquished Creatures (collateral kills)
  An ugly thing (D:7)
  A phantom (D:10)
  A centaur (D:10)
  A bullfrog (D:10)
  6 killer bees
  A howler monkey (D:10)
  A bullfrog skeleton (D:10)
  An adder (D:10)
  An ufetubus (D:10)
  A leopard gecko (D:10)
  5 jackals (D:10)
  A quokka (D:10)
21 creatures vanquished.

Vanquished Creatures (others)
  A killer bee (D:10)
  68 plants (D:1)
69 creatures vanquished.

Grand Total: 329 creatures vanquished

Notes
Turn   | Place    | Note
-------+----------+-------------------------------------------
     0 | D:1      | Phaedo the Felid Air Elementalist began the quest for the
                  | Orb.
     0 | D:1      | Reached XP level 1. HP: 7/7 MP: 4/4
   288 | D:1      | Reached skill level 3 in Dodging
   288 | D:1      | Reached skill level 1 in Conjurations
   315 | D:1      | Reached XP level 2. HP: 7/11 MP: 0/6
  1042 | D:1      | Reached XP level 3. HP: 14/14 MP: 3/7
  1089 | D:1      | You fall into a shaft and drop 1 floor!
  1704 | D:2      | Found a sparkling altar of Nemelex Xobeh.
  1747 | D:2      | Noticed Jessica
  1752 | D:2      | Killed Jessica
  1753 | D:2      | Reached XP level 4. HP: 2/18 MP: 3/8
  2015 | D:2      | Learned a level 4 spell: Airstrike
  2290 | D:2      | Became a worshipper of Nemelex Xobeh the Trickster
  2353 | D:3      | Found a glowing drain.
  2557 | Sewer    | Entered a sewer
  2626 | Sewer    | Noticed a big kobold
  2675 | Sewer    | Reached skill level 4 in Dodging
  2898 | Sewer    | Killed a big kobold
  2899 | Sewer    | Reached XP level 5. HP: 19/21 MP: 2/10
  3004 | Sewer    | Found a white marble altar of Elyvilon.
  3545 | D:3      | Noticed an ogre
  3553 | D:3      | Killed an ogre
  3554 | D:3      | Reached skill level 5 in Dodging
  3554 | D:3      | Gained mutation: You are covered in thick fur. (AC +2)
                  | [Felid growth]
  3554 | D:3      | Reached XP level 6. HP: 24/24 MP: 5/11
  4705 | D:4      | Reached skill level 5 in Stealth
  4707 | D:4      | Reached skill level 6 in Dodging
  4707 | D:4      | Reached XP level 7. HP: 27/27 MP: 4/12
  5190 | D:4      | Found a shimmering blue altar of Sif Muna.
  5196 | D:4      | Found an opulent altar of Gozag.
  5201 | D:4      | Found a shadowy altar of Dithmenos.
  5554 | D:4      | Found Patsor's Antique Armour Shoppe.
  5659 | D:4      | Reached skill level 5 in Air Magic
  6008 | D:5      | Entered Level 5 of the Dungeon
  6124 | D:5      | Found a runed translucent gate.
  6124 | D:5      | Found a runed translucent gate.
  6126 | D:5      | Found a runed translucent gate.
  6128 | D:5      | Noticed Quickbrownfox's ghost (novice OpTm)
  6151 | D:5      | Reached skill level 7 in Dodging
  6503 | D:5      | Found a staircase to the Ecumenical Temple.
  6668 | D:5      | Reached XP level 8. HP: 31/31 MP: 6/13
  6716 | D:5      | Reached * piety under Nemelex Xobeh
  7466 | D:5      | Received a gift from Nemelex Xobeh
  7586 | D:5      | Found a runed translucent door.
  7587 | D:5      | Noticed Crazy Yiuf
  7712 | D:6      | Reached skill level 8 in Dodging
  8063 | D:6      | Found a blossoming altar of Fedhas.
  8300 | D:6      | Received a gift from Nemelex Xobeh
  8401 | D:7      | Noticed a cyan ugly thing
  9053 | D:7      | Killed a cyan ugly thing
  9054 | D:7      | Reached skill level 9 in Dodging
  9211 | D:7      | Reached XP level 9. HP: 34/34 MP: 11/14
  9285 | D:7      | Reached ** piety under Nemelex Xobeh
  9508 | D:7      | Reached skill level 10 in Dodging
  9658 | D:7      | Received a gift from Nemelex Xobeh
 10341 | D:8      | Found a hazy altar of Hepliaklqana.
 11121 | D:8      | Reached skill level 11 in Dodging
 11864 | D:8      | Found a glowing golden altar of the Shining One.
 11864 | D:8      | Found a snail-covered altar of Cheibriados.
 11864 | D:8      | Found an iron altar of Okawaru.
 12066 | D:9      | Got a sparkling brass ring
 12092 | D:9      | Reached XP level 10. HP: 28/37 MP: 3/15
 12232 | D:9      | Found a staircase to the Lair.
 12320 | D:9      | Received a gift from Nemelex Xobeh
 12792 | D:9      | Reached skill level 1 in Invocations
 12793 | D:9      | Reached skill level 12 in Dodging
 12830 | D:9      | Reached *** piety under Nemelex Xobeh
 12904 | D:10     | Entered Level 10 of the Dungeon
 12917 | D:10     | Noticed Gastronok
 12975 | D:10     | Noticed an unseen horror
 12979 | D:10     | Killed an unseen horror
 12993 | D:10     | Killed from afar by Gastronok
 12994 | D:10     | Reached XP level 9. HP: 0/34 MP: 4/15
 13009 | D:10     | Noticed a gargoyle
 13022 | D:10     | Reached skill level 10 in Stealth
 13022 | D:10     | Killed a gargoyle
 13052 | D:10     | Slain by a wyvern
 13053 | D:10     | Reached XP level 8. HP: -4/31 MP: 4/15
 13073 | D:10     | Quit the game

Illustrated notes

Levels and vault maps discovered:
D:1:      kennysheep_arrival_forest, layout_loops_ring, kennysheep_boxes
D:2:      layout_loops_cross, nemelex_xobeh_ov_fountains_minmay,
          minmay_tetromino_l2, uniq_jessica
D:3:      layout_basic, portal_sewer_entry_f, st_stairs_7, grunt_ministairs_3
D:4:      layout_loops_ring, minmay_overflow_temple_star_quad, serial_shops,
          nicolae_shop_statue_plus, serial_glass, glass_columns_b,
          glass_columns_b, cheibrodos_gnoll_hut
D:5:      layout_loops_corners, minmay_temple_entry_mist, gammafunk_ghost_split,
          minmay_misc_feat_four_crosses, uniq_crazy_yiuf_cottage
D:6:      layout_basic, fedhas_altar_fruit_tree
D:7:      layout_layer_cave
D:8:      layout_loops_ring, nzn_hepliaklqana_mist_gate,
          gammafunk_temple_overflow_claw
D:9:      layout_roguey, lair_entry_dummy
D:10:     layout_basic, uniq_gastronok

Skill      XL: |  1  2  3  4  5  6  7  8  9 10 |
---------------+-------------------------------+-----
Dodging        | 3 4 5 6 7 9 11 12 | 12.5
Conjurations   | 1 2 |  2.0
Air Magic      | 3 4 5 7 8 9 |  9.1
Stealth        | 3 4 5 6 7 10 | 10.0
Spellcasting   | 3 4 |  4.0
Invocations    | 3 2 |  3.3

Action                   |  1- 3 |  4- 6 |  7- 9 | 10-12 || total
-------------------------+-------+-------+-------+-------++-------
Melee: Unarmed           |    10 |    23 |    18 |     1 ||    52
       Bite              |     2 |     1 |     1 |       ||     4
 Cast: Shock             |    72 |   174 |   352 |    21 ||   619
       Airstrike         |       |       |    27 |    11 ||    38
Invok: Draw Destruction  |       |       |    10 |     9 ||    19
       Draw Summoning    |       |       |     6 |     1 ||     7
       Draw Escape       |       |       |       |     1 ||     1
Evoke: Wand              |       |     4 |       |       ||     4
  Use: Scroll            |       |     4 |    12 |       ||    16
       Potion            |       |       |     1 |       ||     1
 Stab: Sleeping          |       |       |     3 |     1 ||     4
       Petrified         |       |       |     3 |       ||     3
Armor: Skin              |       |     2 |     4 |     2 ||     8
Dodge: Dodged            |    18 |    89 |   201 |    26 ||   334
